 Dungeon Crawl Stone Soup version 0.15-a0-357-gf0ffff9 (webtiles) character file.

2211 MrRokkomies the Conjurer (level 9, -4/57 HPs)
             Began as a Demonspawn Fire Elementalist on May 2, 2014.
             Was a Believer of Vehumet.
             Slain by a wyvern (16 damage)
             ... on Level 6 of the Dungeon on May 3, 2014.
             The game lasted 00:29:29 (6425 turns).

MrRokkomies the Conjurer (DsFE)                     Turns: 6425, Time: 00:29:29

HP  -4/57        AC 16     Str  9      XL: 9   Next:  9%
MP  14/14        EV 10     Int 20      God: Vehumet [**....]
Gold 79          SH  0     Dex 13      Spells:  5 memorised,  3 levels left

rFire  . . .     SeeInvis .     y - +0 dagger (venom)
rCold  + . .     Clarity  .     g - +2 leather armour {rC+}
rNeg   . . .     Conserve .     (no shield)
rPois  .         rCorr    .     (helmet restricted)
rElec  .         rRot     .     E - +0 cloak
SustAb . .       Spirit   .     j - +1 pair of gloves
rMut   .         Warding  .     k - +1 pair of boots
Saprov . . .     Stasis   .     (no amulet)
MR     .....                    (no ring)
                                (no ring)

@: not resistant to hostile enchantments, unstealthy
A: antennae 1, iridescent scales 2, powered by death 2
a: Renounce Religion


You were on level 6 of the Dungeon.
You worshipped Vehumet.
Vehumet was pleased with you.
You were not hungry.

You visited 2 branches of the dungeon, and saw 7 of its levels.
You also visited: Sewer.

You collected 217 gold pieces.
You spent 138 gold pieces at shops.

Inventory:

Hand weapons
 e - a +0,+1 long sword
 l - a +0 blowgun
 y - a +0,+0 dagger of venom (weapon)
 B - a +0,+0 bow of evasion
Missiles
 h - a poisoned dart (quivered)
 p - 13 silver darts
 x - 16 darts of flame
 A - 27 poisoned needles
 H - 10 arrows
Armour
 g - a +2 leather armour of cold resistance (worn)
 j - a +1 pair of gloves (worn)
 k - a +1 pair of boots (worn)
 E - a +0 cloak (worn)
Magical devices
 K - a wand of draining (11) {unknown}
Comestibles
 c - 3 bread rations
 D - a meat ration
Scrolls
 i - 3 scrolls of teleportation
 z - 4 scrolls of remove curse
 C - a scroll of immolation
 J - 3 scrolls of identify
Jewellery
 n - an uncursed ring of ice {unknown}
 I - an uncursed amulet of clarity {unknown}
Potions
 a - a potion of haste {unknown}
 d - a potion of flight
 m - a potion of agility
 o - 13 potions of curing
 s - a potion of restore abilities
 t - a potion of heal wounds
 w - 2 potions of brilliance
 F - a potion of might {unknown}
Books
 b - a book of Flames

   Spells                             Type                      Level
   *Flame Tongue                      Conjuration/Fire             1
   *Throw Flame                       Conjuration/Fire             2
   *Conjure Flame                     Conjuration/Fire             3
   Inner Flame                        Hexes/Fire                   3
   Sticky Flame                       Conjuration/Fire             4
   Fireball                           Conjuration/Fire             5
 r - a Young Poisoner's Handbook

   Spells                             Type                      Level
   *Sting                             Conjuration/Poison           1
   Cure Poison                        Poison                       2
   Mephitic Cloud                     Conjuration/Poison/Air       3
   Olgreb's Toxic Radiance            Poison                       4
   Venom Bolt                         Conjuration/Poison           5
Magical staves
 u - an uncursed staff of poison


   Skills:
 - Level 1.7 Dodging
 - Level 1.7 Stealth
 - Level 2.0 Spellcasting
 + Level 9.2 Conjurations
 + Level 7.6 Fire Magic


You had 3 spell levels left.
You knew the following spells:

 Your Spells              Type           Power        Failure   Level  Hunger
a - Flame Tongue          Conj/Fire      #####        1%          1    #......
b - Throw Flame           Conj/Fire      #####.       1%          2    ##.....
c - Conjure Flame         Conj/Fire      #####...     1%          3    ###....
d - Sting                 Conj/Pois      ###.         2%          1    #......
e - Searing Ray           Conj           #####.       1%          2    ##.....


Dungeon Overview and Level Annotations

Branches:
Dungeon (6/15)             Temple (1/1) D:4

Altars:
Ashenzari
Dithmenos
Fedhas
Kikubaaqudgha
Nemelex Xobeh
Okawaru
Sif Muna
Trog
Vehumet
Xom
Zin
The Shining One

Shops:
D:5 ?   D:6 !


Innate Abilities, Weirdness & Mutations

You have a pair of small antennae on your head.
You are mostly covered in iridescent scales (AC +6).
You can steal the life force of defeated enemies.


Message History

The wyvern bites you but does no damage.
You hit the wyvern but do no damage.
The wyvern is lightly wounded.
The wyvern bites you. The wyvern barely misses you.
The wyvern bites you but does no damage.
The wyvern bites you!
Your leather armour prevents you from hitting the wyvern.
The wyvern is moderately wounded.
The wyvern bites you!
You hit the wyvern.
The wyvern looks even sicker.
The wyvern is heavily wounded.
The wyvern bites you! x2
* * * LOW HITPOINT WARNING * * *
You hit the wyvern but do no damage.
The wyvern is heavily wounded.
The wyvern barely misses you.
You hit the wyvern.
The wyvern is heavily wounded.
The wyvern barely misses you. The wyvern bites you!
You die...

...# #........#.####### ######
#........#....#..# .....#
#........##......# #.##.#
#........###..##.#
..##.########+##.#### #.....#
..).........%....# #.#####
.....########.##r# #.#
...##########'##D# #.#
...#...........#@# #.#
...#...........#.######.#########
...#....................#........
...#.............########.#######
...#.........(........# #.####
####....)......#.####.###....# ##
#...........#.# #....###.# #.
#...........#.# ####.#...# #.
######...#.##.# #.#.### #.


You could see a wyvern and a rat.

Vanquished Creatures
  2 orc warriors
  2 sky beasts
  An ogre (D:6)
  A phantom (D:5)
  A centaur (D:5)
  A big kobold (Sewer)
  3 giant frogs (D:6)
  A scorpion (D:4)
  A quasit (D:6)
  4 goliath beetles (D:6)
  A big fish (Sewer)
  A crimson imp (D:5)
  A centaur skeleton (D:6)
  A jelly (D:5)
  3 orc priests
  6 orc wizards
  2 hounds (D:4)
  6 worker ants
  An iguana (D:6)
  Ijyb (D:2)
  Jessica (D:2)
  Terence (D:3)
  An orc skeleton (D:6)
  A worm zombie (D:5)
  8 adders
  2 shadow imps
  4 worms
  10 giant mites
  An iguana zombie (D:6)
  8 giant geckos
  An ooze (D:1)
  25 orcs
  2 bat zombies (D:5)
  6 giant cockroaches
  9 goblins
  12 hobgoblins
  10 jackals
  A ball python (D:2)
  14 bats
  A giant gecko zombie (D:5)
  3 giant newts
  12 kobolds
  3 quokkas
  46 rats
  A rat skeleton (D:6)
223 creatures vanquished.

Notes
Turn   | Place    | Note
--------------------------------------------------------------
     0 | D:1      | MrRokkomies, the Demonspawn Fire Elementalist, began the quest for the Orb.
     0 | D:1      | Reached XP level 1. HP: 13/13 MP: 3/3
    76 | D:1      | Reached skill level 3 in Fire Magic
   204 | D:1      | Gained mutation: You are partially covered in iridescent scales (AC +4). [demonic ancestry]
   204 | D:1      | Reached XP level 2. HP: 19/19 MP: 4/4
   208 | D:1      | Learned a level 2 spell: Throw Flame
   711 | D:1      | Gained mutation: You are mostly covered in iridescent scales (AC +6). [demonic ancestry]
   711 | D:1      | Reached XP level 3. HP: 22/24 MP: 6/6
  1078 | D:2      | Noticed Jessica
  1085 | D:2      | Learned a level 3 spell: Conjure Flame
  1117 | D:2      | Killed Jessica
  1167 | D:2      | Reached skill level 4 in Fire Magic
  1220 | D:2      | Gained mutation: You can steal the life force of nearby defeated enemies. [demonic ancestry]
  1220 | D:2      | Reached XP level 4. HP: 27/30 MP: 5/7
  1668 | D:2      | Noticed Ijyb
  1694 | D:2      | Killed Ijyb
  2097 | D:3      | Noticed Terence
  2276 | D:3      | Killed Terence
  2342 | D:3      | Found Zin's Purification Station.
  2349 | D:3      | Found a glowing silver altar of Zin.
  2361 | D:3      | Bought a potion of curing for 60 gold pieces
  2439 | D:3      | Found a glowing drain.
  2445 | D:3      | Gained mutation: You have a pair of small antennae on your head. [demonic ancestry]
  2445 | D:3      | Reached XP level 5. HP: 35/35 MP: 5/9
  2495 | Sewer    | Entered a sewer
  2710 | Sewer    | Reached skill level 5 in Fire Magic
  2710 | Sewer    | Gained mutation: You can steal the life force of defeated enemies. [demonic ancestry]
  2710 | Sewer    | Reached XP level 6. HP: 19/41 MP: 4/10
  2835 | Sewer    | Found a white marble altar of Elyvilon.
  3480 | D:4      | Learned a level 1 spell: Sting
  3480 | D:4      | Upgraded the game from 0.15-a0-348-gfef1ba5 to 0.15-a0-357-gf0ffff9
  3563 | D:4      | Found a staircase to the Ecumenical Temple.
  3665 | Temple   | Entered the Ecumenical Temple
  3700 | Temple   | Became a worshipper of Vehumet
  3811 | D:4      | Reached XP level 7. HP: 43/46 MP: 12/12
  3813 | D:4      | Reached skill level 5 in Conjurations
  4178 | D:5      | Entered Level 5 of the Dungeon
  4219 | D:5      | Reached skill level 6 in Fire Magic
  4344 | D:5      | Acquired Vehumet's first power
  4344 | D:5      | Offered knowledge of Sandblast by Vehumet.
  4641 | D:5      | Reached XP level 8. HP: 50/52 MP: 9/13
  4938 | D:5      | Reached skill level 7 in Conjurations
  5107 | D:5      | Found Ymianiaz's Magic Scroll Boutique.
  5117 | D:5      | Bought a scroll of identify for 24 gold pieces
  5117 | D:5      | Bought a scroll of identify for 24 gold pieces
  5205 | D:5      | Found a bloodstained altar of Trog.
  5461 | D:6      | Reached skill level 8 in Conjurations
  5579 | D:6      | Offered knowledge of Searing Ray by Vehumet.
  5583 | D:6      | Learned a level 2 spell: Searing Ray
  5640 | D:6      | Found Enwusm's Distillery.
  5647 | D:6      | Bought a potion of poison for 15 gold pieces
  5647 | D:6      | Bought a potion of paralysis for 15 gold pieces
  6152 | D:6      | Reached skill level 9 in Conjurations
  6152 | D:6      | Reached XP level 9. HP: 51/57 MP: 10/14
  6425 | D:6      | Slain by a wyvern

Action                   |  1- 3 |  4- 6 |  7- 9 || total
-------------------------+-------+-------+-------++-------
Melee: Unarmed           |     7 |       |       ||     7
       Dagger            |   110 |   159 |   377 ||   646
       Long sword        |       |   209 |   115 ||   324
 Fire: Bow               |       |       |    24 ||    24
Throw: Dart              |       |     8 |       ||     8
 Cast: Flame Tongue      |    27 |    38 |    38 ||   103
       Throw Flame       |     3 |    20 |     2 ||    25
       Conjure Flame     |       |     1 |     2 ||     3
       Sting             |       |       |    19 ||    19
       Searing Ray       |       |       |     1 ||     1
  Use: Scroll            |     6 |       |     7 ||    13
       Potion            |       |       |     1 ||     1
 Stab: Sleeping          |     2 |     3 |     1 ||     6
